Map: Romanticide LE

Players

Future

  • Race: Terran Terran

Astrea - Winner!

  • Race: Protoss Protoss
  • League: Master

Event: DreamHack SC2 Masters 2021 Summer

VOD

Have the link to the VOD?

Description

Time

  • Played on: May 25, 2021, 3:24 p.m.
  • Length: 11:53

All games in this series

Show
View Real Time Build Order
Export as new Build Order

Future Terran 

Build Orders:  

Get SALT Encoding   

  12  0:00  SCV  
  13  0:12  SCV  
  14  0:17  Supply Depot  
  14  0:24  SCV  
  15  0:39  Barracks  
  15  0:52  Barracks  
  15  0:54  SCV  
  16  1:06  SCV  
  16  1:07  Refinery  
  17  1:18  SCV  
  18  1:27  Marine  
  18  1:30  Orbital Command  
  19  1:38  Marine  
  20  1:41  Supply Depot  
  20  1:45  Marine  
  21  1:53  Bunker  
  21  1:56  Marine  
  21  1:58  SCV  
  23  2:08  Marine  
  23  2:10  SCV  
  25  2:20  Factory  
  25  2:21  Marine  
  25  2:22  SCV  
  27  2:34  SCV  
  27  2:41  Supply Depot  
  27  2:46  SCV  
  28  2:59  SCV  
  28  3:05  Factory Tech Lab  
  29  3:11  Refinery, SCV  
  30  3:22  Command Center  
  30  3:23  SCV  
  30  3:25  Siege Tank  
  34  3:35  SCV  
  34  3:38  Bunker, Supply Depot  
  36  3:48  SCV  
  33  3:59  Siege Tank  
  34  4:05  SCV  
  34  4:08  Marine  
  35  4:15  Supply Depot  
  35  4:17  SCV  
  35  4:23  Starport  
  36  4:26  Marine  
  36  4:30  SCV  
  36  4:45  SCV  
  37  4:46  Factory Tech Lab  
  37  4:48  Bunker  
  37  4:51  Marine  
  38  4:57  SCV  
  38  4:58  Orbital Command  
  35  5:03  Viking  
  37  5:09  SCV  
  37  5:13  Siege Tank  
  41  5:16  Barracks Reactor  
  41  5:21  SCV  
  41  5:28  Orbital Command  
  42  5:33  SCV  
  43  5:36  Starport Tech Lab, Barracks, Engineering Bay  
  43  5:45  SCV  
  44  5:50  Barracks  
  44  5:53  Supply Depot  
  43  5:57  SCV  
  43  5:58  SCV  
  43  6:00  Raven, Marine  
  43  6:01  Marine  
  49  6:07  Factory Reactor  
  49  6:09  SCV  
  49  6:10  SCV  
  51  6:17  Terran Infantry Weapons Level 1  
  51  6:18  Marine x2  
  51  6:21  SCV, Supply Depot  
  51  6:23  SCV  
  55  6:34  SCV  
  55  6:35  SCV  
  55  6:36  Marine x2  
  55  6:38  Marine, Stimpack  
  60  6:42  Refinery  
  60  6:46  Combat Shield  
  60  6:48  SCV x2  
  60  6:50  Refinery  
  62  6:54  Marauder  
  62  6:55  Marine  
  62  6:56  Marine  
  62  6:57  Marauder  
  62  7:00  SCV x2  
  70  7:08  Factory Reactor  
  70  7:12  SCV, Supply Depot  
  70  7:14  SCV  
  72  7:16  Marauder, Marine  
  72  7:17  Marine  
  72  7:18  Marauder  
  78  7:24  SCV  
  78  7:26  SCV, Supply Depot  
  80  7:30  Medivac  
  80  7:31  Medivac  
  80  7:36  SCV  
  85  7:38  SCV, Supply Depot  
  85  7:40  Marauder  
  85  7:41  Marauder  
  85  7:42  Marine  
  85  7:44  Marine  
  91  7:48  Supply Depot  
  91  7:50  Widow Mine  
  96  7:51  Widow Mine  
  96  8:01  Supply Depot  
  96  8:02  Marauder, Marine  
  96  8:03  Marauder  
  101  8:06  Medivac  
  101  8:10  Medivac  
  105  8:14  Widow Mine x2  
  105  8:15  Marine  
  110  8:23  Marauder  
  110  8:24  Marauder  
  114  8:27  Terran Infantry Armor Level 1, Supply Depot  
  114  8:30  Marine  
  114  8:32  Concussive Shells  
  114  8:33  Marine  
  116  8:44  Marauder  
  116  8:45  Marauder  
  120  8:50  Marine  
  120  8:52  Medivac x2  
  120  8:54  Command Center  
  125  9:05  SCV  
  110  9:10  Widow Mine x2  
  110  9:19  Marauder x2, Marine x2  
  110  9:22  Barracks  
  112  9:24  Barracks, Viking  
  112  9:25  Viking  
  113  9:33  Widow Mine  
  113  9:35  Widow Mine  
  113  9:37  SCV x2  
  117  9:48  Supply Depot  
  117  9:49  SCV x2  
  119  9:54  Widow Mine  
  119  9:56  Widow Mine, Viking  
  123  10:07  SCV  
  123  10:11  Marauder x2, Marine  
  123  10:12  Marine  
  123  10:15  SCV  
  123  10:20  Barracks Reactor  
  123  10:21  SCV, Barracks Tech Lab  
  119  10:35  SCV  
  119  10:36  SCV  
  119  10:37  Orbital Command  
  117  10:45  Marauder, Marine  
  100  10:51  Widow Mine x2  
  100  10:54  Viking x2  
  100  10:55  SCV  
  94  11:05  Marauder x2  
  94  11:07  SCV  
  94  11:09  Marine  
  94  11:10  Marine  
  98  11:13  Widow Mine x2  
  98  11:16  Marine, Supply Depot  
  103  11:19  Marauder  
  105  11:26  Marauder x2  
Show
View Real Time Build Order
Export as new Build Order

Astrea Protoss - Winner!

Build Orders:  

Get SALT Encoding   

  12  0:00  Probe  
  13  0:12  Probe  
  14  0:17  Pylon  
  14  0:24  Probe (Chrono Boost)  
  15  0:36  Probe (Chrono Boost), Gateway  
  16  0:43  Probe (Chrono Boost)  
  16  0:45  Assimilator  
  17  0:51  Probe  
  18  1:03  Probe  
  19  1:15  Probe  
  20  1:23  Cybernetics Core  
  20  1:28  Zealot  
  20  1:31  Probe  
  20  1:32  Pylon  
  23  1:36  Gateway  
  23  1:50  Probe  
  24  1:58  Stalker (Chrono Boost)  
  26  2:02  Shield Battery  
  25  2:19  Shield Battery  
  25  2:21  Stalker (Chrono Boost)  
  27  2:32  Stalker (Chrono Boost)  
  27  2:35  Probe  
  27  2:44  Pylon, Stalker (Chrono Boost)  
  31  3:07  Warp Gate  
  31  3:08  Probe  
  31  3:12  Assimilator  
  30  3:14  Stalker (Chrono Boost)  
  32  3:23  Probe  
  32  3:25  Pylon  
  35  3:34  Stalker (Chrono Boost)  
  35  3:46  Probe  
  36  3:58  Probe  
  36  4:00  Stalker (Chrono Boost)  
  35  4:11  Probe  
  35  4:12  Stalker (Chrono Boost)  
  38  4:23  Probe  
  39  4:26  Twilight Council  
  39  4:31  Stalker (Chrono Boost)  
  41  4:37  Stalker  
  41  4:49  Probe  
  42  4:59  Blink (Chrono Boost)  
  40  5:01  Probe  
  41  5:08  Nexus  
  41  5:14  Probe  
  42  5:18  Nexus  
  42  5:26  Probe  
  42  5:27  Robotics Facility  
  43  5:32  Pylon  
  43  5:38  Probe  
  44  5:46  Sentry  
  46  5:50  Probe, Assimilator  
  46  5:53  Assimilator  
  47  5:59  Phoenix  
  47  6:02  Probe  
  48  6:14  Probe (Chrono Boost)  
  48  6:15  Robotics Bay  
  48  6:16  Observer  
  50  6:22  Probe (Chrono Boost)  
  52  6:27  Probe (Chrono Boost)  
  52  6:32  Probe (Chrono Boost)  
  54  6:34  Probe (Chrono Boost)  
  54  6:35  Probe (Chrono Boost)  
  54  6:38  Observer  
  57  6:41  Probe (Chrono Boost)  
  57  6:42  Probe (Chrono Boost)  
  57  6:44  Probe (Chrono Boost)  
  59  6:47  Probe (Chrono Boost)  
  59  6:48  Probe  
  59  6:53  Probe  
  62  6:55  Pylon  
  62  6:59  Probe  
  62  7:00  Probe  
  64  7:05  Probe  
  64  7:06  Colossus (Chrono Boost)  
  65  7:11  Probe  
  65  7:12  Probe  
  73  7:16  Charge, Extended Thermal Lance  
  73  7:17  Probe  
  74  7:23  Probe  
  74  7:25  Probe  
  74  7:26  Gateway  
  74  7:29  Probe, Gateway  
  77  7:31  Gateway  
  77  7:32  Gateway  
  77  7:34  Sentry  
  77  7:35  Probe  
  77  7:37  Probe  
  81  7:41  Observer, Probe  
  82  7:44  Gateway  
  82  7:45  Gateway, Sentry  
  82  7:49  Pylon  
  84  8:03  Colossus (Chrono Boost)  
  84  8:07  Zealot  
  92  8:15  Pylon  
  92  8:16  Pylon  
  92  8:18  Zealot  
  93  8:30  Zealot x3  
  93  8:31  Zealot  
  99  8:50  Zealot x2  
  99  8:51  Zealot x6  
  99  8:54  Pylon  
  115  8:56  Templar Archives, Pylon  
  115  8:58  Colossus (Chrono Boost), Pylon  
  115  8:59  Shield Battery  
  115  9:00  Shield Battery  
  105  9:20  Stalker x7  
  111  9:26  Assimilator  
  111  9:30  Assimilator  
  101  9:39  Sentry  
  101  9:42  Colossus (Chrono Boost)  
  109  9:46  Zealot x6  
  121  9:53  Zealot  
  123  10:04  Forge  
  121  10:09  Zealot x6  
  119  10:25  High Templar x2  
  123  10:31  Archon  
  123  10:32  High Templar x2, Zealot x3  
  133  10:38  Archon  
  133  10:49  Stalker  
  117  10:50  Warp Prism  
  119  11:01  High Templar x2, Zealot  
  119  11:02  Zealot x2  
  129  11:05  Archon  
  129  11:07  Zealot x2  
  131  11:13  Nexus  
  131  11:15  Probe x2, Pylon, Forge  
  133  11:20  Pylon  
  133  11:27  Pylon  
  133  11:28  Probe  
Tags
 
Add a new tag
Caveats
  • Supply blocks, unpowered buildings, or Contaminate may cause inaccurate times.
  • Supply counts are checked every 10 seconds.